 Dungeon Crawl Stone Soup version 0.23.0 (webtiles) character file.

Game seed: 8962517561709487111

121 Borgoz the Cutter (level 5, 0/33 HPs)
             Began as a Kobold Monk on Feb 16, 2019.
             Killed from afar by Natasha (8 damage)
             ... with a magic dart
             ... on level 2 of the Dungeon.
             The game lasted 00:05:06 (2655 turns).

Borgoz the Cutter (Kobold Monk)                     Turns: 2655, Time: 00:05:07

Health: 0/33       AC:  2    Str:  8    XL:     5   Next: 26%
Magic:  5/5        EV: 17    Int: 12    God:
Gold:   108        SH:  0    Dex: 18    Spells: 4/4 levels left

rFire    . . .     SeeInvis .   a - +0 short sword
rCold    . . .     Gourm    .   (shield restricted)
rNeg     . . .     Faith    .   b - +0 robe
rPois    .         Spirit   .   (no helmet)
rElec    .         Reflect  .   (no cloak)
rCorr    .         Harm     .   (no gloves)
MR       .....                  (no boots)
Stlth    +++.......             (no amulet)
HPRegen  0.11/turn              (no ring)
MPRegen  0.09/turn              (no ring)

@: no status effects
A: small, carnivore
a: no special abilities


You were on level 2 of the Dungeon.
You were completely stuffed.

You visited 1 branch of the dungeon, and saw 3 of its levels.

You collected 108 gold pieces.

Inventory:

Hand Weapons
 a - a +0 short sword (weapon)
Missiles
 e - 19 poisoned needles
Armour
 b - a +0 robe (worn)
Wands
 i - a wand of clouds (2)
Scrolls
 d - a scroll of amnesia {unknown}
 f - 3 scrolls of remove curse {unknown}
 g - 6 scrolls of identify {unknown}
 h - 3 scrolls of magic mapping {unknown}
 l - a scroll of fear {unknown}
 p - a scroll of enchant weapon {unknown}
 q - a scroll of blinking {unknown}
Potions
 j - a potion of degeneration {unknown}
 k - a potion of mutation {unknown}
 m - a potion of cancellation {unknown}
 n - a potion of agility {unknown}
 o - a potion of brilliance {unknown}
 s - a potion of haste {unknown}
 t - a potion of resistance {unknown}
Comestibles
 c - 5 rations
 r - 2 chunks of flesh


   Skills:
 + Level 4.2 Fighting
 + Level 5.0 Short Blades
 + Level 4.5 Dodging
 + Level 4.2 Stealth


You had 4 spell levels left.
You didn't know any spells.
Your spell library was empty.

Dungeon Overview and Level Annotations

Branches:
Dungeon (3/15)

Altars:
Xom

Annotations:
D:2 Natasha


Innate Abilities, Weirdness & Mutations

You are small and have problems with some larger weapons.
You are carnivorous and can eat meat at any time.


Message History

Natasha is severely wounded.
Natasha claws you!
You hit Natasha.
Natasha is almost dead.
Natasha drinks a potion.
Natasha is healed!
You closely miss Natasha.
Natasha mumbles some strange words.
You hit Natasha but do no damage. You hit Natasha but do no damage.
Natasha closely misses you. The iron imp hits you.
You closely miss Natasha. Natasha claws you!
You barely miss Natasha. The iron imp hits you.
* * * LOW HITPOINT WARNING * * *
Natasha closely misses you.
You hit Natasha.
Natasha is moderately wounded.
The iron imp closely misses you.
Natasha stares at you and mumbles some strange words.
The magic dart hits you!
You die...

#################### ###
#.5h@5.............#
.......################.#
..### #.# #.# #.# #.# #.#
#.# #.# ##.##### #.# ##
#>.....# #.#
.######..###.# ####.##


You could see an iron imp, Natasha and a white imp.

Vanquished Creatures
  Jessica (D:2)
  3 adders
  An ooze (D:2)
  2 worms (D:2)
  A dart slug (D:1)
  A leopard gecko (D:2)
  An orc (D:3)
  3 bats (D:1)
  7 giant cockroaches
  4 hobgoblins
  5 jackals
  A quokka (D:3)
  A frilled lizard (D:3)
  6 goblins
  7 kobolds
  11 rats
55 creatures vanquished.

Notes
Turn   | Place    | Note
-------+----------+-------------------------------------------
     0 | D:1      | Borgoz the Kobold Monk began the quest for the Orb.
     0 | D:1      | Reached XP level 1. HP: 14/14 MP: 1/1
   214 | D:1      | Reached XP level 2. HP: 14/19 MP: 2/2
   438 | D:2      | Reached XP level 3. HP: 23/23 MP: 3/3
   439 | D:2      | Noticed Jessica
  1009 | D:2      | Killed Jessica
  1009 | D:2      | Reached XP level 4. HP: 25/29 MP: 4/4
  1317 | D:2      | HP: 1/29 [worm (10)]
  1937 | D:2      | Reached XP level 5. HP: 29/33 MP: 5/5
  2041 | D:2      | Reached skill level 5 in Short Blades
  2527 | D:2      | Found a shimmering altar of Xom.
  2634 | D:2      | Noticed Natasha
  2655 | D:2      | Killed from afar by Natasha

Skill      XL: |  1  2  3  4  5 |
---------------+----------------+-----
Stealth        | 3 4 |  4.2
Dodging        | 4 |  4.5
Fighting       | 4 |  4.2
Short Blades   | 5 |  5.0

Action                   |  1- 3 |  4- 6 || total
-------------------------+-------+-------++-------
Melee: Short sword       |    95 |   194 ||   289
 Stab: Sleeping          |     4 |     3 ||     7
       Distracted        |     1 |       ||     1
  Eat: Chunk             |     8 |     6 ||    14
Armor: Robe              |    12 |    16 ||    28
Dodge: Dodged            |    62 |   119 ||   181
